 Dungeon Crawl Stone Soup version 0.31.0-4-g52a2dc7128 (webtiles) character file.

Game seed: 17532195700284031768

17050 mtoz the Protected (level 12, -6/101 (110) HPs)
             Began as a Minotaur Fighter on Jan 22, 2024.
             Was a High Priest of Okawaru.
             Mangled by a pharaoh ant (9 damage)
             ... on level 2 of the Lair of Beasts.
             The game lasted 00:47:14 (11414 turns).

mtoz the Protected (Minotaur Fighter)              Turns: 11414, Time: 00:47:14

HP:   -6/101 (110)  AC: 21    Str: 24    XL:     12   Next: 15%
MP:   13/13         EV:  8    Int:  5    God:    Okawaru [*****.]
Gold: 856           SH:  6    Dex: 10    Spells: 11/11 levels left

rFire   . . .        T - +6 demon trident (elec)
rCold   + + .        c - +0 buckler
rNeg    . . .        V - +2 chain mail {rC+}
rPois   .            (helmet unavailable)
rElec   .            P - +0 cloak
rCorr   .            (no gloves)
SInv    .            y - +0 pair of boots
Will    .....        E - amulet of regeneration Stlth
                     R - +4 ring of protection
HPRegen 1.16/turn    b - ring of protection from cold
MPRegen 0.13/turn

%: no passive effects
@: drained
A: horns 3, retaliatory headbutt, clumsy 1
a: Renounce Religion, Heroism, Finesse, Duel


You were on level 2 of the Lair of Beasts.
You worshipped Okawaru.
Okawaru was extremely pleased with you.
You visited 4 branches of the dungeon, and saw 15 of its levels.
You also visited: Sewer and Bailey.

You collected 856 gold pieces.

Inventory:

Hand Weapons
 k - a +1 war axe of flaming
 s - a +1 war axe of freezing
 I - a +2 demon trident of venom
 N - a +2 halberd of draining
 T - a +6 demon trident of electrocution (weapon)
 W - a +2 vampiric hand axe
 Y - a +0 war axe
Missiles
 q - 3 atropa-tipped darts
 r - 106 stones (quivered)
 Q - 2 boomerangs
 U - 4 javelins
Armour
 c - a +0 buckler (worn)
 y - a +0 pair of boots (worn)
 P - a +0 cloak (worn)
 V - a +2 chain mail of cold resistance (worn)
Jewellery
 b - a ring of protection from cold (right hand)
 E - an amulet of regeneration (around neck)
 O - a ring of protection from cold
 R - a +4 ring of protection (left hand)
Talismans
 A - a dragon-blood talisman
Wands
 w - a wand of polymorph (4)
 x - a wand of digging (5)
 D - a wand of light (13)
 F - a wand of paralysis (16)
 H - a wand of roots (5)
 J - a wand of mindburst (8)
Scrolls
 a - a scroll of silence
 h - 7 scrolls of teleportation
 i - 3 scrolls of immolation
 o - 2 scrolls of fog
 t - 6 scrolls of identify
 u - 3 scrolls of noise
 v - a scroll of fear
 B - a scroll of vulnerability {unknown}
 C - a scroll of brand weapon {unknown}
 G - 2 scrolls of enchant weapon
 S - a scroll of amnesia {unknown}
 X - a scroll of poison {unknown}
Potions
 d - 2 potions of might
 e - 2 potions of attraction
 f - 3 potions of brilliance
 g - 2 potions of heal wounds
 j - 4 potions of invisibility
 l - a potion of degeneration
 m - 3 potions of enlightenment
 n - 3 potions of curing
 p - a potion of lignification
 z - 3 potions of mutation
 K - 6 potions of magic
 L - 2 potions of haste {unknown}
 M - a potion of cancellation


   Skills:
 + Level 11.2 Fighting
 + Level 10.9 Axes
 + Level 8.7 Throwing
 + Level 11.4 Armour
 + Level 11.2 Shields
 + Level 3.2 Invocations


You had 11 spell levels left.
You didn't know any spells.
Your spell library contained the following spells:

 Spells                   Type           Power      Damage    Failure   Level
 Ensorcelled Hibernation  Hex/Ice        0%         N/A       98%         2
 Gell's Gravitas          Tloc           0%         N/A       100%        3
 Passwall                 Erth           0%         N/A       100%        3
 Swiftness                Air            0%         N/A       100%        3
 Teleport Other           Tloc           0%         N/A       100%        3
 Dispersal                Tloc           0%         N/A       100%        6
 Eringya's Noxious Bog    Alch           0%         4d6       100%        6
 Summon Ice Beast         Ice/Summ       Unusable   N/A       N/A         3
 Summon Forest            Summ/Tloc      Unusable   N/A       N/A         5
 Summon Mana Viper        Hex/Summ       Unusable   N/A       N/A         5
 Monstrous Menagerie      Summ           Unusable   N/A       N/A         7
 Summon Hydra             Summ           Unusable   N/A       N/A         7

Dungeon Overview and Level Annotations

Branches:
Dungeon (10/15)            Temple (1/1) D:5            Lair (3/5) D:10
 Shoals (1/4) Lair:2       Spider (0/4) Lair:2          Orc (0/2) D:10
  Sewer (visited)          Bailey (visited)

Altars:
Ashenzari
Cheibriados
Dithmenos
Elyvilon
Fedhas
Gozag
Hepliaklqana
Kikubaaqudgha
Makhleb
Nemelex Xobeh
Okawaru
Qazlal
Ru
Sif Muna
Trog
Uskayaw
Vehumet
Wu Jian
Xom
Yredelemnul
Zin
The Shining One

Shops:
D:7 (   D:9 *

Annotations:
D:7 2 runed translucent doors


Innate Abilities, Weirdness & Mutations

You have a pair of large horns on your head.
You reflexively headbutt those who attack you in melee.
You are clumsy. (Dex -2)


Message History

The pharaoh ant gives a chilling moan.
No target in view!
No target in view!
Found a scroll of noise.
The pharaoh ant closely misses you.
You impale the pharaoh ant!!
The pharaoh ant is heavily damaged.
You block the pharaoh ant's attack.
A jumping spider comes into view.
The pharaoh ant bites you!!
You feel drained.
You hit the pharaoh ant.
The pharaoh ant is severely damaged.
The pharaoh ant bites you.
You feel drained.
The jumping spider leaps!
You hit the pharaoh ant.
The pharaoh ant is almost destroyed.
The pharaoh ant bites you but does no damage.
The jumping spider barely misses you. You furiously retaliate!
You headbutt the jumping spider!! The jumping spider closely misses you.
The pharaoh ant barely misses you.
You hit the pharaoh ant but do no damage.
You headbutt the pharaoh ant, but do no damage.
The pharaoh ant is severely damaged.
The jumping spider pounces on you! The jumping spider barely misses you.
The pharaoh ant bites you!!
You feel drained.
The jumping spider pounces on you but does no damage.
The jumping spider bites you but does no damage.
You are too injured to fight recklessly!
You are too injured to fight recklessly!
You are too injured to fight recklessly!
You closely miss the pharaoh ant.
The pharaoh ant is severely damaged.
The pharaoh ant bites you! The jumping spider closely misses you.
The jumping spider bites you but does no damage.
You hit the pharaoh ant. Your headbutt misses the pharaoh ant.
The pharaoh ant is almost destroyed.
The pharaoh ant bites you!!
* * * LOW HITPOINT WARNING * * *
The jumping spider pounces on you but does no damage.
The jumping spider bites you but does no damage.
The pharaoh ant bites you!
You die...

#....###..> # #
##............ .. #
#........# ..#... #
#........# ..#..
#...#†..###.#.#.
##...............
#...
#P.###.P...P#...#
#...
#..####.B.s......
#...
###....†##@#...#
#...
##.#...†........#
.#####.P.
#...............#
.........
#.....P#..P..P.....
........
##.#######.........?
#...< #..##
#.)........ ##...
#...# #..####....
#.#.. #..## ..##
#..#.# ##... ##.#
..# #...######....


You could see a pharaoh ant and a jumping spider.

Vanquished Creatures
  2 boulder beetles
  Urug (D:10)
  Nergalle (Lair:2)
  An orc knight (Bailey)
  2 cyclopes (D:7)
  Maurice (D:8)
  3 black mambas (Lair:2)
  A merfolk siren (Lair:2)
  A cane toad (Lair:2)
  An unseen horror (D:7)
  4 komodo dragons
  A kobold demonologist (D:9)
  2 merfolk (Lair:2)
  A polar bear (Lair:2)
  A hornet (D:9)
  A jumping spider (Lair:2)
  2 wraiths
  A shadow (D:10)
  15 yaks
  2 wyverns
  A redback (Lair:2)
  2 steam dragons
  2 acid dragons
  7 water moccasins
  An ice beast (D:5)
  3 orc warriors
  A black bear (Lair:1)
  4 centaurs
  2 crocodiles (Sewer)
  7 ogres
  A phantom (D:7)
  A kobold brigand (D:9)
  5 bullfrogs
  4 necrophages (D:7)
  A wyvern zombie (D:7)
  A gnoll sergeant (D:8)
  4 scorpions
  6 wights
  14 killer bees
  An electric eel (D:9)
  3 bombardier beetles
  8 howler monkeys
  2 centaur zombies (D:7)
  2 hounds (D:5)
  4 orc priests
  An iguana (D:7)
  8 orc wizards
  A malarious merfolk avatar (Sewer)
  A sickly merfolk siren (Sewer)
  11 adders
  15 gnolls
  A river rat (Sewer)
  2 shadow imps
  4 white imps
  5 dart slugs
  4 ribbon worms
  40 orcs
  6 endoplasms
  3 giant cockroaches
  9 goblins
  7 hobgoblins
  A jackal (D:2)
  5 quokkas
  7 ball pythons
  2 bats
  4 frilled lizards
  3 kobolds
  26 rats
297 creatures vanquished.

Notes
Turn   | Place    | Note
-------+----------+-------------------------------------------
     0 | D:1      | mtoz the Minotaur Fighter began the quest for the Orb.
     0 | D:1      | Reached XP level 1. HP: 19/19 MP: 0/0
   149 | D:1      | Reached XP level 2. HP: 21/27 MP: 1/1
   305 | D:1      | Found a faded altar of an unknown god.
   892 | D:2      | Reached XP level 3. HP: 32/33 MP: 2/2
  1455 | D:3      | Noticed a scorpion
  1469 | D:3      | Killed a scorpion
  1470 | D:3      | Reached XP level 4. HP: 21/41 MP: 3/3
  1755 | D:3      | Reached skill level 1 in Throwing
  1755 | D:3      | Reached XP level 5. HP: 45/47 MP: 4/4
  1813 | D:3      | Noticed an ogre
  1817 | D:3      | Killed an ogre
  2083 | D:4      | Reached skill level 5 in Armour
  2131 | D:4      | Noticed an ogre
  2136 | D:4      | Killed an ogre
  2137 | D:4      | Reached skill level 5 in Fighting
  2137 | D:4      | Reached skill level 5 in Shields
  2137 | D:4      | Reached XP level 6. HP: 56/56 MP: 5/5
  2639 | D:5      | Entered Level 5 of the Dungeon
  2697 | D:5      | Reached XP level 7. HP: 36/61 MP: 6/6
  2928 | D:5      | Reached skill level 5 in Axes
  2991 | D:5      | Found a staircase to the Ecumenical Temple.
  3025 | Temple   | Entered the Ecumenical Temple
  3055 | Temple   | Became a worshipper of Warmaster Okawaru
  3091 | Temple   | Gained mutation: Your magical capacity is low. (-10% MP)
                  | [potion of mutation]
  3091 | Temple   | Gained mutation: You have hidden genetic potential. [potion
                  | of mutation]
  3092 | Temple   | Lost mutation: You have hidden genetic potential. [potion
                  | of mutation]
  3092 | Temple   | Lost mutation: Your magical capacity is low. (-10% MP)
                  | [potion of mutation]
  3092 | Temple   | Gained mutation: You are occasionally teleported next to
                  | monsters. [potion of mutation]
  3574 | D:6      | Found a glowing drain.
  3591 | Sewer    | Entered a sewer
  3676 | Sewer    | Reached XP level 8. HP: 49/70 MP: 7/7
  4034 | D:6      | Reached * piety under Okawaru
  4695 | D:7      | Reached ** piety under Okawaru
  4701 | D:7      | Found a large runed translucent door.
  4702 | D:7      | Found a large runed translucent door.
  4703 | D:7      | Found a large runed translucent door.
  4703 | D:7      | Found a large runed translucent door.
  4923 | D:7      | Reached XP level 9. HP: 76/79 MP: 8/8
  5026 | D:7      | Killed an unseen horror
  5027 | D:7      | Reached skill level 5 in Throwing
  5177 | D:7      | Noticed a cyclops
  5189 | D:7      | Killed a cyclops
  5329 | D:7      | Noticed a cyclops
  5344 | D:7      | Killed a cyclops
  5475 | D:7      | Found a sacrificial altar of Ru.
  5660 | D:7      | Found Lixtuxidiff's Weapon Shoppe.
  5806 | D:7      | Found a blossoming altar of Fedhas.
  6083 | D:7      | Reached *** piety under Okawaru
  6096 | D:7      | Reached XP level 10. HP: 78/90 MP: 9/9
  6202 | D:8      | Found a flagged portal.
  6216 | Bailey   | Entered a bailey
  6399 | Bailey   | Noticed an orc knight
  6422 | Bailey   | Killed an orc knight
  6735 | D:8      | Noticed Maurice
  6744 | D:8      | Maurice stole a +2 halberd of draining
  6749 | D:8      | Something stole a ring of protection from cold
  6750 | D:8      | Killed Maurice
  6836 | D:8      | Found a glowing silver altar of Zin.
  7180 | D:8      | Found a stormy altar of Qazlal.
  7740 | D:9      | Lost mutation: You are occasionally teleported next to
                  | monsters. [potion of mutation]
  7740 | D:9      | Gained mutation: You have a pair of large horns on your
                  | head. [potion of mutation]
  7898 | D:9      | Paralysed by a hornet for 3 turns
  7904 | D:9      | Paralysed by a hornet for 2 turns
  7990 | D:9      | Reached skill level 10 in Armour
  8115 | D:9      | Reached XP level 11. HP: 59/99 MP: 10/10
  8186 | D:10     | Entered Level 10 of the Dungeon
  8196 | D:9      | Noticed a sun demon
  8202 | D:10     | Reached skill level 10 in Shields
  8202 | D:10     | Reached **** piety under Okawaru
  8205 | D:10     | Reached skill level 10 in Fighting
  8273 | D:10     | Noticed Urug
  8313 | D:10     | Killed Urug
  8440 | D:10     | Found a staircase to the Orcish Mines.
  8494 | D:10     | Found a staircase to the Lair.
  8552 | D:10     | Found a snail-covered altar of Cheibriados.
  8677 | D:10     | Found a bloodstained altar of Trog.
  8954 | D:10     | Reached skill level 10 in Axes
  9040 | D:9      | Found Gozag's Platinum Reserve.
  9193 | D:9      | Found an opulent altar of Gozag.
  9220 | D:9      | Gained mutation: You are clumsy. (Dex -2) [a neqoxec]
  9372 | D:9      | Found a white marble altar of Elyvilon.
  9759 | Lair:1   | Entered Level 1 of the Lair of Beasts
  9890 | Lair:1   | Noticed a boulder beetle
  9902 | Lair:1   | Killed a boulder beetle
  9935 | Lair:1   | Reached skill level 1 in Invocations
 10598 | Lair:2   | Noticed Nergalle
 10599 | Lair:2   | Noticed a boulder beetle
 10608 | Lair:2   | Killed a boulder beetle
 10616 | Lair:2   | Killed Nergalle
 10714 | Lair:2   | Reached ***** piety under Okawaru
 10834 | Lair:2   | Found a staircase to the Shoals.
 10861 | Lair:2   | Reached XP level 12. HP: 64/110 MP: 10/13
 10906 | Shoals:1 | Entered Level 1 of the Shoals
 11068 | Lair:2   | You fall into a shaft and drop 1 floor!
 11346 | Lair:2   | Found a hole to the Spider Nest.
 11414 | Lair:2   | HP: 3/101 [pharaoh ant (29)]
 11414 | Lair:2   | Mangled by a pharaoh ant

Illustrated notes

Levels and vault maps discovered:
D:1:      kennysheep_arrival_seaside, layout_rooms,
          hellmonk_ecumenical_altar_arch_garden
D:2:      layout_rooms, minmay_small_reverse_x
D:3:      layout_basic
D:4:      layout_loops_ring
D:5:      layout_loops_ring, minmay_temple_entry_junction
D:6:      layout_loops_cross, cheibrodos_sewer_entry_bend
D:7:      layout_layer_cave, fedhas_altar_decomposition,
          nicolae_ru_awakened_eye, serial_shops,
          nicolae_shop_bloodbath_and_beyond, nrook_mini_vaults,
          minmay_hollow_rounded_squares
D:8:      layout_cave_pods, mainiacjoe_overflow_paths, lemuel_doored_altar,
          enter_bailey_3, hangedman_decor_lopped, uniq_maurice
D:9:      layout_basic, lemuel_coloured_pillars_altar,
          nicolae_gozag_zags_fifth_avenue, minmay_diced_spiral
D:10:     layout_loops_ring, general_overflow_altar, kennysheep_slug_shrine,
          dpeg_oklobed_lair, orc_0_dummy, nicolae_zig_zag_zippers, uniq_urug
Temple:   nicolae_temple_superstar
Lair:1:   layout_cave_pods
Lair:2:   layout_loops_ring, elwin_shoals_entry_stream,
          nicolae_spider_entry_lesser_pyramids, minivault_27, st_stairs_7,
          minivault_25, uniq_nergalle
Lair:3:   layout_concentric_octagons, uniq_rupert, uniq_amaemon
Shoals:1: layout_shoals, serial_shops, nicolae_shop_industrial_runoff

Skill      XL: |  1  2  3  4  5  6  7  8  9 10 11 12 |
---------------+-------------------------------------+-----
Armour         | 4 5 6 7 8 10 11 | 11.4
Shields        | 4 5 6 7 8 9 11 | 11.2
Fighting       | 4 5 6 7 8 9 11 | 11.2
Axes           | 3 4 5 6 8 9 10 | 10.9
Throwing       | 1 2 3 4 6 7 8 |  8.7
Invocations    | 2 3 |  3.2

Action                     |  1- 3 |  4- 6 |  7- 9 | 10-12 || total
---------------------------+-------+-------+-------+-------++-------
  Melee: War axe           |    77 |    53 |   257 |   252 ||   639
         Headbutt          |     7 |    11 |    42 |    78 ||   138
         Demon trident     |       |       |       |   190 ||   190
  Throw: Stone             |       |     1 |     8 |     2 ||    11
         Dart              |       |       |     4 |     1 ||     5
 Invoke: Heroism           |       |       |     4 |    16 ||    20
         Finesse           |       |       |       |     1 ||     1
  Evoke: Wand              |       |       |     3 |    11 ||    14
    Use: Potion            |     1 |     1 |    12 |     5 ||    19
         Scroll            |       |     2 |     9 |     3 ||    14
 Armour: Scale mail        |    77 |    30 |   102 |       ||   209
         Chain mail        |       |       |   157 |   437 ||   594
  Dodge: Dodged            |    35 |    20 |    91 |   186 ||   332
  Block: Buckler           |    21 |    13 |    77 |   137 ||   248
